Map: King's Cove LE

Players

ShaDoWn

  • Race: Protoss Protoss
  • Spawn Location: 11:00

Kelazhur - Winner!

  • Race: Terran Terran
  • Spawn Location: 5:00

Event: IEM Season 13: Katowice (2019)

VOD

Have the link to the VOD?

Description

Time

  • Played on: Feb. 26, 2019, 4:36 a.m.
  • Length: 19:20

All games in this series

Show
View Real Time Build Order
Export as new Build Order

ShaDoWn Protoss 

Build Orders: 1 Gate Expand, Oracle Opening, Blink Stalkers 

Get SALT Encoding   

  12  0:00  Probe  
  13  0:13  Probe  
  14  0:18  Pylon  
  14  0:24  Probe  
  15  0:32  Probe  
  15  0:37  Gateway  
  15  0:40  Probe  
  16  0:46  Assimilator  
  17  0:51  Probe  
  18  1:03  Probe  
  19  1:15  Probe  
  20  1:24  Cybernetics Core  
  20  1:36  Nexus  
  20  1:40  Probe  
  20  1:44  Pylon  
  21  1:50  Assimilator  
  21  1:52  Probe  
  21  1:53  Stalker  
  22  2:05  Probe  
  25  2:17  Probe  
  25  2:21  Stargate  
  26  2:28  Adept  
  26  2:29  Probe  
  29  2:35  Warp Gate  
  29  2:41  Probe  
  29  2:44  Probe  
  30  2:52  Probe  
  30  2:53  Probe  
  30  2:55  Oracle  
  32  3:02  Probe  
  32  3:05  Probe  
  37  3:12  Pylon  
  36  3:14  Probe  
  36  3:17  Probe  
  38  3:26  Probe  
  39  3:29  Probe  
  40  3:36  Twilight Council  
  40  3:38  Probe  
  40  3:41  Probe  
  40  3:47  Probe  
  41  3:50  Gateway  
  41  3:51  Gateway  
  41  3:53  Probe  
  41  3:54  Blink  
  41  3:55  Probe  
  44  4:04  Probe  
  44  4:05  Phoenix  
  44  4:06  Probe  
  46  4:17  Probe  
  49  4:18  Probe  
  49  4:23  Pylon  
  49  4:24  Stalker  
  52  4:29  Probe  
  52  4:30  Probe  
  51  4:32  Assimilator  
  51  4:34  Assimilator  
  51  4:41  Probe  
  51  4:42  Probe  
  51  4:43  Pylon  
  53  4:46  Stalker x3  
  53  4:50  Pylon  
  59  5:06  Nexus  
  59  5:12  Stalker x2  
  59  5:13  Stalker  
  65  5:21  Probe  
  66  5:28  Probe  
  63  5:39  Stalker x3  
  63  5:42  Probe  
  70  5:43  Pylon  
  70  5:52  Probe  
  70  5:54  Probe  
  58  6:02  Probe, Stalker x3  
  58  6:04  Probe  
  65  6:10  Probe  
  66  6:15  Probe  
  68  6:19  Probe  
  68  6:21  Probe  
  68  6:23  Probe  
  70  6:32  Probe  
  71  6:33  Probe  
  71  6:42  Probe  
  71  6:47  Probe  
  71  6:49  Probe  
  71  6:51  Probe  
  71  6:52  Stalker x3  
  74  6:57  Charge  
  74  6:59  Probe  
  74  7:01  Probe  
  76  7:02  Probe  
  76  7:11  Probe  
  76  7:12  Probe  
  76  7:13  Probe  
  79  7:17  Templar Archives  
  79  7:20  Probe  
  79  7:21  Probe  
  79  7:24  Probe  
  79  7:28  Probe  
  79  7:29  Probe, Pylon  
  82  7:33  Sentry, Gateway  
  82  7:34  Gateway  
  82  7:36  Probe  
  87  7:37  Gateway  
  87  7:38  Probe  
  87  7:40  Probe  
  87  7:41  Gateway  
  89  7:48  Psionic Storm, Probe  
  89  7:49  Zealot x2  
  89  7:50  Probe, Assimilator  
  95  7:51  Assimilator  
  95  7:52  Probe  
  96  8:03  Probe  
  97  8:07  Pylon  
  97  8:10  High Templar x2  
  101  8:13  Gateway  
  101  8:15  High Templar  
  103  8:20  Shield Battery  
  103  8:29  Probe  
  105  8:35  Stalker x4  
  105  8:39  Shield Battery  
  113  8:45  Pylon  
  112  8:50  Robotics Facility  
  112  8:51  Pylon, High Templar  
  114  8:56  Robotics Facility  
  114  8:59  Forge  
  114  9:01  Forge  
  114  9:02  Pylon  
  114  9:04  Zealot x2  
  114  9:05  Zealot x3  
  114  9:09  Zealot  
  126  9:26  Pylon  
  126  9:30  Warp Prism  
  126  9:31  Protoss Ground Weapons Level 1, Protoss Ground Armor Level 1  
  122  9:34  Nexus  
  122  9:38  High Templar x4  
  120  9:39  Zealot x3  
  120  9:44  Archon  
  130  9:48  Pylon  
  130  9:56  Immortal  
  130  9:59  Stalker x2  
  132  10:00  Photon Cannon  
  132  10:08  Probe  
  132  10:12  High Templar  
  132  10:13  Photon Cannon  
  135  10:15  Observer  
  135  10:20  Probe  
  135  10:21  Assimilator  
  137  10:23  Assimilator  
  137  10:26  Zealot x6  
  127  10:46  Stalker x2  
  127  10:47  Stalker x4  
  128  10:54  Probe x2  
  128  11:11  Immortal x2  
  128  11:18  High Templar  
  138  11:24  High Templar, Archon  
  140  11:25  High Templar x2  
  140  11:31  Archon  
  144  11:38  Archon x2  
  134  11:40  Zealot  
  134  11:41  Immortal, Zealot x2  
  134  11:42  Probe  
  121  11:51  Zealot  
  115  11:56  Gateway  
  115  11:57  Zealot x3  
  115  11:58  Gateway, Zealot  
  113  12:01  Zealot x3  
  109  12:12  Immortal  
  107  12:16  Immortal  
  107  12:21  Zealot x4  
  121  12:28  High Templar x2  
  121  12:29  High Templar  
  123  12:33  Archon x2  
  105  12:42  Zealot x3  
  93  12:48  Zealot x2, Protoss Ground Armor Level 2  
  93  12:51  Immortal  
  93  12:53  High Templar  
  93  12:54  High Templar  
  99  13:06  Zealot x4  
  99  13:08  High Templar x3  
  99  13:11  High Templar  
  115  13:14  Archon  
  115  13:18  Immortal  
  119  13:28  High Templar x4  
  119  13:29  Zealot  
  119  13:32  Archon  
  125  13:34  Protoss Ground Weapons Level 2  
  125  13:35  Archon  
  125  13:38  Archon  
  117  13:42  Zealot x4  
  113  13:52  Zealot x2  
  103  14:01  High Templar x3  
  103  14:03  Zealot x3  
  104  14:14  Immortal, Observer  
  109  14:17  High Templar x2  
  109  14:18  Zealot x2  
  109  14:21  Archon  
  117  14:24  Zealot  
  117  14:25  Zealot x2  
  117  14:27  Warp Prism  
  123  14:36  High Templar  
  127  14:42  High Templar  
  127  14:44  High Templar  
  123  14:52  Robotics Bay  
  123  14:55  Immortal  
  127  15:08  Stalker x5  
  134  15:18  Stalker  
  134  15:19  Stalker x2  
  137  15:34  Colossus  
  137  15:35  Zealot x4, Colossus  
  141  15:39  High Templar  
  154  15:54  Extended Thermal Lance  
  154  16:02  Pylon  
  154  16:03  Pylon  
  152  16:12  Colossus  
  146  16:21  High Templar  
  146  16:24  Nexus  
  154  16:39  High Templar x2  
  152  16:44  Stalker x5  
  152  16:45  Sentry  
  164  16:51  Pylon  
  162  17:00  Colossus  
  168  17:09  Zealot x5  
  178  17:17  Pylon  
  178  17:22  Pylon  
  178  17:23  Pylon  
  178  17:33  High Templar x2  
  180  17:39  Archon  
  178  17:48  Zealot x2, Stalker x4  
  182  17:57  Zealot  
  147  18:10  Zealot x2  
  147  18:11  Zealot x5  
  143  18:25  Stalker  
  129  18:31  Stalker x2  
  129  18:32  Stalker x4  
  128  18:51  High Templar  
  128  18:55  Probe  
  131  18:59  Stalker x4  
Show
View Real Time Build Order
Export as new Build Order

Kelazhur Terran - Winner!

Build Orders: Gas First Reaper Expand 

Get SALT Encoding   

  12  0:00  SCV  
  13  0:13  SCV  
  14  0:18  Supply Depot  
  14  0:25  SCV  
  15  0:29  Refinery  
  15  0:39  SCV  
  16  0:45  Barracks  
  16  0:51  SCV  
  17  1:03  SCV  
  18  1:15  SCV  
  19  1:32  Reaper, Orbital Command  
  20  1:48  Command Center  
  20  2:00  SCV  
  21  2:05  Factory  
  21  2:07  Barracks Reactor  
  21  2:12  SCV  
  22  2:15  Supply Depot  
  22  2:21  Refinery  
  22  2:25  SCV  
  23  2:37  SCV  
  23  2:45  Marine x2  
  23  2:49  SCV  
  23  2:50  Starport  
  26  2:52  Factory Tech Lab  
  26  3:01  Orbital Command  
  26  3:02  SCV  
  26  3:04  Marine  
  26  3:05  Marine  
  29  3:14  SCV  
  29  3:17  Cyclone  
  33  3:24  Marine x2  
  35  3:27  SCV x2  
  35  3:31  Medivac  
  39  3:40  SCV x2, Supply Depot  
  40  3:52  SCV x2  
  40  3:55  Widow Mine  
  44  3:56  Widow Mine  
  44  4:00  Supply Depot  
  46  4:04  SCV x2  
  48  4:16  Widow Mine, SCV  
  51  4:17  Widow Mine  
  51  4:19  SCV  
  51  4:21  Supply Depot  
  51  4:23  Marine  
  58  4:28  SCV  
  58  4:31  SCV  
  60  4:32  Barracks  
  60  4:35  Medivac  
  60  4:36  Supply Depot  
  60  4:38  Widow Mine  
  61  4:41  SCV  
  61  4:42  Stimpack  
  61  4:43  Widow Mine, Marine  
  61  4:45  SCV  
  66  4:48  Supply Depot  
  66  4:55  Bunker  
  66  4:56  SCV  
  66  4:57  SCV  
  68  5:00  Barracks  
  68  5:01  Marine  
  69  5:08  SCV  
  69  5:09  SCV  
  71  5:19  Marine  
  71  5:20  SCV  
  74  5:21  SCV  
  74  5:25  Refinery  
  74  5:26  Engineering Bay, Refinery  
  74  5:34  Starport Reactor, SCV  
  73  5:38  SCV  
  73  5:42  Factory Reactor  
  74  5:43  Marine  
  74  5:46  SCV  
  74  5:49  Command Center  
  68  5:50  SCV  
  68  5:55  Marauder, Marine  
  68  5:56  Barracks Tech Lab  
  66  5:58  Terran Infantry Weapons Level 1  
  66  6:04  Barracks, SCV x2  
  66  6:05  Barracks  
  66  6:06  Marine  
  69  6:11  Medivac  
  69  6:12  Medivac  
  69  6:13  Marine  
  69  6:17  Marauder  
  69  6:18  Marauder  
  78  6:21  Combat Shield  
  78  6:24  Marine  
  79  6:27  Supply Depot  
  79  6:31  SCV  
  80  6:35  Marine  
  80  6:39  Marauder x2  
  80  6:41  SCV, Marine  
  74  6:49  SCV  
  74  6:53  Concussive Shells, SCV, Marine  
  72  6:55  Barracks Tech Lab, Barracks Reactor  
  72  7:01  SCV  
  72  7:05  Orbital Command  
  72  7:06  SCV  
  72  7:08  Marauder x2, Marine  
  76  7:11  Medivac x2  
  76  7:13  SCV  
  84  7:15  Marauder  
  84  7:18  SCV  
  84  7:25  SCV, Marine  
  84  7:27  Widow Mine x2  
  90  7:30  SCV  
  90  7:31  Marine  
  90  7:33  Marine  
  90  7:34  Marine  
  90  7:35  Supply Depot  
  96  7:37  Marauder  
  96  7:41  Marauder  
  96  7:42  SCV  
  98  7:48  Marauder, SCV  
  98  7:49  SCV  
  102  7:56  Medivac  
  102  7:58  Marauder, Medivac  
  106  7:59  SCV  
  106  8:02  Widow Mine  
  106  8:04  Terran Infantry Armor Level 1  
  109  8:08  SCV, Supply Depot  
  108  8:14  Marine  
  109  8:22  Armory  
  109  8:23  Engineering Bay  
  109  8:30  Marauder, Liberator, SCV x2, Marine x4  
  117  8:46  Supply Depot  
  117  8:47  Marine  
  117  8:48  Marauder, SCV, Marine  
  125  8:52  Supply Depot  
  125  8:56  Liberator  
  125  9:02  Refinery  
  125  9:04  Supply Depot  
  125  9:07  Supply Depot  
  125  9:08  Marauder, SCV x3, Marine x3  
  133  9:13  Supply Depot, Marine  
  133  9:14  Marauder, Widow Mine  
  140  9:24  SCV  
  140  9:25  SCV  
  140  9:26  Marauder, Widow Mine, SCV  
  140  9:28  Ghost Academy  
  143  9:33  Marauder, Marine  
  143  9:35  Marauder  
  143  9:38  Widow Mine, Medivac  
  146  9:39  Marine  
  146  9:42  Terran Infantry Weapons Level 2  
  149  9:47  Marauder, Widow Mine  
  153  9:54  Marauder  
  153  9:56  Medivac  
  153  9:57  Marauder, Marine  
  160  10:00  Marine x3  
  161  10:08  Ghost  
  161  10:11  Widow Mine  
  161  10:12  Command Center  
  165  10:14  Supply Depot  
  165  10:16  Ghost  
  165  10:17  Widow Mine, Supply Depot  
  169  10:31  Marauder, Refinery, Marine x2  
  169  10:37  Marauder  
  169  10:40  Widow Mine x2, Marine x2  
  170  10:45  Marauder  
  170  10:49  Marine  
  161  10:50  Marine  
  161  10:52  Marauder  
  161  10:54  Medivac x2  
  166  10:59  Marauder  
  166  11:02  Marine x2  
  162  11:06  Widow Mine x2  
  162  11:07  Marauder, Terran Infantry Armor Level 2  
  162  11:10  SCV x2  
  162  11:11  SCV, Marine x2  
  164  11:16  Marauder  
  168  11:18  Starport  
  168  11:19  Barracks, Marine  
  168  11:20  Barracks, Marine x2  
  171  11:28  Marine  
  172  11:39  Marauder  
  168  11:40  Marauder  
  168  11:41  Medivac x2  
  168  11:42  Marine  
  168  11:46  Marauder  
  169  11:50  Marine x2  
  169  11:51  Widow Mine x2  
  168  11:54  Marine  
  168  12:00  Marine  
  168  12:01  Marauder x2  
  166  12:07  Marauder  
  166  12:08  Marine x2  
  161  12:12  Marine  
  158  12:17  Marine  
  158  12:22  Marauder x2  
  156  12:25  Marine  
  156  12:26  Marine  
  156  12:29  Marauder  
  152  12:31  Marine  
  152  12:34  Medivac x2  
  152  12:35  Widow Mine x2, Marine  
  150  12:43  Marauder, Marine x2  
  150  12:44  Marauder  
  149  12:47  Liberator  
  149  12:49  SCV x2, Marine  
  149  12:50  Marauder  
  143  12:54  Planetary Fortress  
  143  12:56  Widow Mine, SCV  
  142  12:58  Marine  
  142  13:01  SCV, Marine  
  142  13:02  Liberator  
  142  13:05  Marauder  
  153  13:06  Starport Reactor  
  153  13:07  Barracks Tech Lab, Barracks Reactor  
  149  13:15  Marine  
  153  13:23  Marauder x2  
  157  13:27  Marauder x2, Missile Turret, Marine x2  
  157  13:28  Marine  
  157  13:29  Terran Infantry Weapons Level 3  
  164  13:39  Terran Infantry Armor Level 3  
  164  13:40  Marine  
  158  13:43  Marine  
  158  13:44  Marauder, Marine  
  158  13:45  Marauder, Marine  
  148  13:49  Marauder  
  148  13:53  Medivac x2, Marine  
  148  13:54  Marauder, Marine  
  150  13:58  Marine  
  150  14:02  Marine x2  
  141  14:06  Marauder  
  138  14:10  Marine  
  138  14:11  Marauder, Marine x2  
  138  14:13  Liberator  
  138  14:16  Marine  
  145  14:20  Marine  
  146  14:24  Marine  
  146  14:27  Marine  
  146  14:28  Liberator x2  
  146  14:30  Command Center  
  152  14:34  Marine  
  152  14:35  Marine  
  152  14:37  Marine  
  152  14:38  Marine  
  156  14:39  Ghost  
  156  14:40  Ghost x2  
  158  14:50  Ghost  
  158  14:51  Marine x2  
  158  14:52  Marine  
  169  14:55  Marine  
  169  14:58  Marine  
  169  14:59  Marine  
  170  15:09  Marauder x2  
  170  15:12  Ghost  
  170  15:13  Marine x4  
  180  15:18  Ghost  
  180  15:21  Marine x2  
  183  15:29  Ghost  
  183  15:30  Marine  
  183  15:32  Marine x2  
  183  15:33  Marine x2  
  187  15:40  Marine  
  187  15:41  Ghost, Marine  
  187  15:46  Widow Mine x2  
  187  15:47  Marine  
  192  15:51  Marine x2  
  192  15:52  Missile Turret  
  192  15:55  Planetary Fortress  
  192  15:56  Missile Turret  
  194  15:57  SCV x3  
  193  16:07  Widow Mine  
  193  16:08  Widow Mine  
  193  16:09  SCV  
  193  16:10  SCV  
  199  16:19  Marine  
  199  16:24  Liberator  
  200  16:26  Starport, Fusion Core, Refinery  
  196  16:41  Marine  
  196  16:44  Barracks  
  196  16:45  Barracks, Refinery  
  200  16:49  Liberator  
  200  17:07  Starport Tech Lab  
  198  17:22  Marine  
  197  17:40  Marauder x2, Marine  
  197  17:43  Marine  
  196  17:52  Marauder, Marine  
  196  17:57  Marauder, Marine x4  
  192  18:00  Marine  
  192  18:01  Marine  
  177  18:06  Marauder  
  177  18:09  Liberator x4, Marine  
  180  18:13  Marauder  
  180  18:15  Marine  
  173  18:21  Marauder  
  173  18:24  Marauder, Marine x2  
  161  18:55  Marine  
  161  18:56  Marauder  

Tags
 
Add a new tag
Caveats
  • Supply blocks, unpowered buildings, or Contaminate may cause inaccurate times.
  • Supply counts are checked every 10 seconds.